Cogmind - Beta 10.2 @@@ ROGUE MODE // 2021.11.08 @ 11:32:17 Player: rath Result: Destroyed by H-55 Commando with Gauss Rifle Performance ------------- Evolutions (0) 0 Regions Visited (3) 600 Robots Destroyed (21) 105 Value Destroyed (404) 404 Prototype IDs (23) 460 Alien Tech Used (0) 0 Bonus (410) 410 TOTAL SCORE: 1979 Bonus ------- Follower Combat Kills 110 Aligned with FarCom 300 Cogmind --------- Core Integrity 0/250 Matter 300/300 Energy 99/100 System Corruption 0% Temperature Cool (0) Movement Core (550) Ox10 Location -10/Exiles Parts ------- > --- POWER (1) -------- (None) > --- PROPULSION (2) --- (None) > --- UTILITY (2) ------ Large Storage Unit Large Storage Unit > --- WEAPON (2) ------- (None) > --- INVENTORY (16) --- Aluminum Leg Aluminum Leg Aluminum Leg Improved Heat Sink Medium Storage Unit Weight Redist. System Sensor Array Sensor Array 0b10 Alert Chip Light Armor Plating Grenade Launcher Deploy-a-Sentry Deploy-a-Sentry Peak State ------------ > --- POWER ------------ Ion Engine > --- PROPULSION ------- Aluminum Leg Aluminum Leg > --- UTILITY ---------- Large Storage Unit Large Storage Unit > --- WEAPON ----------- Small Laser Light Assault Rifle > --- INVENTORY -------- Aluminum Leg Aluminum Leg Aluminum Leg Improved Heat Sink Medium Storage Unit Weight Redist. System Sensor Array Sensor Array 0b10 Alert Chip Light Armor Plating Grenade Launcher Deploy-a-Sentry Deploy-a-Sentry Deploy-a-Sentry [Rating: 11] Favorites ----------- Power Ion Engine Engine Ion Engine Propulsion Aluminum Leg Leg Aluminum Leg Utility Sensor Array Device Sensor Array Storage Large Storage Unit Weapon Light Assault Rifle Energy Gun Small Laser Ballistic Gun Light Assault Rifle Build | -11 -10 -10 -10 ------- Run | Scr Mat Min Exi Slots Evolved . | . . . . Power . | . . . . Propulsion . | . . . . Utility . | . . . . Weapon . | . . . . Parts Attached 29 | 5 22 1 1 Power 4 | 1 3 . . Engine 4 | 1 3 . . Core . | . . . . Reactor . | . . . . Propulsion 8 | 2 5 1 . Treads . | . . . . Leg 8 | 2 5 1 . Wheel . | . . . . Hover . | . . . . Flight . | . . . . Utility 4 | . 3 . 1 Device 1 | . 1 . . Storage 3 | . 2 . 1 Processor . | . . . . Hackware . | . . . . Protection . | . . . . Artifact . | . . . . Weapon 13 | 2 11 . . Energy Gun 3 | . 3 . . Energy Cannon . | . . . . Ballistic Gun 10 | 2 8 . . Ballistic Cannon . | . . . . Launcher . | . . . . Special Weapon . | . . . . Impact Weapon . | . . . . Slashing Weapon . | . . . . Piercing Weapon . | . . . . Special Melee Weapon . | . . . . Unidentified Prototypes . | . . . . Parts Lost 10 | . 5 . 5 Power 2 | . 1 . 1 Propulsion 2 | . . . 2 Utility . | . . . . Weapon 6 | . 4 . 2 Highest Loss Streak 5 | . 2 . 5 Average Slot Usage (%) 94 | . 91 100 96 Engine 13 | . 13 14 13 Leg 27 | . 27 28 26 Device 12 | . 11 14 10 Storage 13 | . 11 14 17 Energy Gun 8 | . 5 14 13 Ballistic Gun 17 | . 19 14 13 Naked Turns . | . . . . Heaviest Build 39 | 7 25 24 39 Greatest Support 20 | 20 20 20 20 Greatest Overweight (x) 10 | . 1 1 10 Average Overweight (x) . | . . 1 1 Largest Inventory Capacity 16 | 4 10 10 16 Average Capacity 8 | 4 7 10 11 Most Carried 14 | 4 10 10 14 Average Carried 8 | 3 6 9 10 Final Capacity 16 | 4 10 10 16 Final Carried 13 | 4 9 10 13 Class Distribution -------------------- 77% | Mutant 22% | Scavenger-Mutant Dominant Class ---------------- Mutant | -10/Materials Mutant | -10/Mines Mutant | -10/Exiles Resources | -11 -10 -10 -10 ----------- Run | Scr Mat Min Exi Matter Collected 589 | 244 335 10 . Remotely . | . . . . Salvage Created 653 | . 653 . . Parts 54 | . 54 . . Haulers Intercepted 2 | . 2 . . Recyclers Shooed 2 | . 2 . . Parts Field Recycled . | . . . . Retrieved Matter . | . . . . Parts Self-Destructed . | . . . . Prevented . | . . . . Kills | -11 -10 -10 -10 ------- Run | Scr Mat Min Exi Combat Hostiles Destroyed 14 | . 14 . . Guns 14 | . 14 . . Classes Destroyed 7 | . 7 . . Worker 1 | . 1 . . Hauler 2 | . 2 . . Recycler 1 | . 1 . . Operator 2 | . 2 . . Watcher 1 | . 1 . . Swarmer 6 | . 6 . . Grunt 8 | . 8 . . Best Kill Streak 5 | . 5 . . Combat Bots Only 4 | . 4 . . Max Kills in Single Turn 2 | . 2 . . Gunslinging . | . . . . Exploded . | . . . . Melee . | . . . . Uniques/NPCs Destroyed . | . . . . Combat | -11 -10 -10 -10 -------- Run | Scr Mat Min Exi Damage Taken 1368 | . 776 . 592 Core 254 | . 138 . 116 Absorbed by Shields . | . . . . Core Remaining (%) 100 | 100 . . . Volleys Fired 81 | . 81 . . Largest 2 | . 2 . . Hottest 60 | . 60 . . Shots Fired 157 | . 157 . . Gun 157 | . 157 . . Cannon . | . . . . Launcher . | . . . . Special . | . . . . Kinetic 134 | . 134 . . Thermal 4 | . 4 . . Explosive . | . . . . Electromagnetic 19 | . 19 . . Robot Hit Streak 13 | . 13 . . Robot Miss Streak 5 | . 5 . . Penetration Max . | . . . . Secondary Targets 2 | . 2 . . Max Gunslinging Chain 1 | . 1 . . Shots Hit Robots 102 | . 102 . . Core Hits 42 | . 42 . . Critical Hits 1 | . 1 . . Critical Kills 1 | . 1 . . Critical Parts Destroyed . | . . . . Melee Attacks . | . . . . Impact . | . . . . Slashing . | . . . . Piercing . | . . . . Sneak Attacks . | . . . . Combat Hostiles . | . . . . Follow-up Attacks . | . . . . Damage Inflicted 1028 | . 1028 . . Guns 958 | . 958 . . Cannons . | . . . . Explosions 70 | . 70 . . Melee . | . . . . Ramming . | . . . . Kinetic 756 | . 756 . . Thermal 115 | . 115 . . Explosive . | . . . . Electromagnetic 157 | . 157 . . Impact . | . . . . Slashing . | . . . . Piercing . | . . . . Highest Corruption . | . . . . Average Corruption . | . . . . Corruption Purged . | . . . . Overload Shots . | . . . . Overflow Damage 19 | . 19 . . Projectiles . | . . . . Explosions 19 | . 19 . . Melee . | . . . . Knockbacks . | . . . . Impact . | . . . . Kinetic . | . . . . Secondary . | . . . . Self-Inflicted Damage 30 | . 30 . . Shots 1 | . 1 . . Rammed . | . . . . Targets Rammed . | . . . . Kicked . | . . . . Crushed . | . . . . Highest Temperature 132 | . 132 . . Average Temperature 36 | . 36 . . Received Heat Transfer 438 | . 330 . 108 Siege Activations . | . . . . Robots Corrupted . | . . . . Combat Hostiles . | . . . . Parts Fried . | . . . . Impact Corruptions . | . . . . Robots Melted . | . . . . Combat Hostiles . | . . . . Parts Melted . | . . . . Heat Transferred 150 | . 150 . . Parts Sabotaged . | . . . . Parts Stolen . | . . . . Parts Stripped . | . . . . Power Chain Reactions 1 | . 1 . . Missiles Intercepted . | . . . . Alert | -11 -10 -10 -10 ------- Run | Scr Mat Min Exi Peak Influence 217 | . 217 55 . Initial 1 | . . 1 . Average 45 | . 62 4 . Maximum Alert Level 1 | . 1 . . Low Security (%) 98 | 100 98 100 . Level 1 1 | . 1 . . Level 2 . | . . . . Level 3 . | . . . . Level 4 . | . . . . Level 5 . | . . . . High Security . | . . . . Max Security . | . . . . Squads Dispatched 2 | . 2 . . Investigation 1 | . 1 . . Extermination . | . . . . Reinforcement 1 | . 1 . . Assault . | . . . . Garrison . | . . . . Intercept . | . . . . Construction Impeded . | . . . . Haulers Reinforced . | . . . . Stealth | -11 -10 -10 -10 --------- Run | Scr Mat Min Exi Distress Signals 1 | . 1 . . Communications Jammed . | . . . . Distress Signals . | . . . . Times Spotted 38 | . 31 2 5 Peak Tracking Total 5 | . 5 2 5 Tactical Retreats 1 | . 1 . . Traps | -11 -10 -10 -10 ------- Run | Scr Mat Min Exi Traps Triggered 4 | . 4 . . Indirectly . | . . . . Trap Hack Attempts . | . . . . Triggered . | . . . . Disarmed . | . . . . Reprogrammed . | . . . . Reused . | . . . . Traps Extracted . | . . . . Installed . | . . . . Triggered . | . . . . Machines | -11 -10 -10 -10 ---------- Run | Scr Mat Min Exi Machines Disabled . | . . . . Max in Single Turn . | . . . . Machines Sabotaged . | . . . . Garrisons Compromised . | . . . . Overloaded Fab Kills . | . . . . Fab Network Shutdowns . | . . . . Hacking | -11 -10 -10 -10 --------- Run | Scr Mat Min Exi Machines Accessed 11 | . 7 . 4 Terminals 6 | . 6 . . Fabricators . | . . . . Repair Stations 1 | . 1 . . Recycling Units . | . . . . Scanalyzers . | . . . . Garrison Access . | . . . . Total Hacks 23 | . 17 . 6 Successful 15 | . 9 . 6 Failed 8 | . 8 . . Catastrophic 1 | . 1 . . Database Lockouts . | . . . . Manual 16 | . 15 . 1 Terminals 15 | . 15 . . Fabricators . | . . . . Repair Stations 2 | . 2 . . Recycling Units . | . . . . Scanalyzers . | . . . . Garrison Access . | . . . . Terminal Hacks 8 | . 2 . 6 Record 5 | . . . 5 Branch Access Points 1 | . 1 . . Terminal Index 1 | . 1 . . EX-Prototype ID Bank 1 | . . . 1 Fabricator Hacks . | . . . . Repair Station Hacks 2 | . 2 . . Scan Component 1 | . 1 . . Repair 1 | . 1 . . Recycling Unit Hacks . | . . . . Scanalyzer . | . . . . Garrison Access Hacks . | . . . . Unauthorized Hacks 5 | . 5 . . Terminals 5 | . 5 . . Assimilate 1 | . 1 . . Botnet 3 | . 3 . . Operators 1 | . 1 . . Fabricators . | . . . . Repair Stations . | . . . . Recycling Units . | . . . . Scanalyzers . | . . . . Garrison Access . | . . . . Data Cores Recovered . | . . . . Used . | . . . . Hacking Detections 6 | . 6 . . Full Trace Events 1 | . 1 . . Feedback Events . | . . . . Feedback Blocked . | . . . . Robot Schematics Acquired . | . . . . Robots Built . | . . . . Matter . | . . . . Time . | . . . . Total Robot Build Rating . | . . . . Part Schematics Acquired . | . . . . Parts Built . | . . . . Matter . | . . . . Time . | . . . . Total Part Build Rating . | . . . . Parts Repaired 1 | . 1 . . Time 26 | . 26 . . Parts Recycled . | . . . . Recycled Matter . | . . . . Retrieved Matter . | . . . . Retrieved Components . | . . . . Parts Scanalyzed . | . . . . Part Schematics Acquired . | . . . . Parts Damaged . | . . . . Bothacking | -11 -10 -10 -10 ------------ Run | Scr Mat Min Exi Used RIF Installer . | . . . . Robots Hacked . | . . . . Non-combat . | . . . . Combat . | . . . . Robot Hacks Applied . | . . . . Relay Couplers Released . | . . . . Robots Rewired . | . . . . Allies Hacked . | . . . . Hacks Repelled . | . . . . Allies | -11 -10 -10 -10 -------- Run | Scr Mat Min Exi Total Allies 3 | . . 3 . Largest Group 3 | . . 3 2 Highest-Rated Group 40 | . . 40 24 Highest-Rated Ally 16 | . . 16 16 Total Orders . | . . . . Ally Attacks 23 | . . 10 13 Total Damage 387 | . . 113 274 Kills 4 | . . 2 2 Allies Corrupted . | . . . . Allies Melted . | . . . . Turrets Deployed 1 | . . . 1 Intel | -11 -10 -10 -10 ------- Run | Scr Mat Min Exi Robot Analysis Total . | . . . . Derelict Logs Recovered 1 | . . 1 . Drone Launches . | . . . . Drone Recoveries . | . . . . Exploration | -11 -10 -10 -10 ------------- Run | Scr Mat Min Exi Turns Passed 2723 | 65 1647 605 406 Spaces Moved 1715 | 49 1011 393 262 Core 12 | 10 . . 2 Treads . | . . . . Legs 1703 | 39 1011 393 260 Wheels . | . . . . Hover . | . . . . Flight . | . . . . Fastest Speed 50 | 50 120 150 150 Average Speed 136 | 105 128 150 154 Slowest Speed 550 | 120 150 150 550 Overloaded Moves . | . . . . Propulsion Burnouts . | . . . . Robots Hopped . | . . . . Cave-ins Triggered . | . . . . Exploration Rate (%) 58 | 4 97 88 46 Regions Visited 3 Branch Regions 2 Pre-discovered Areas 1 | . . 1 . Known Exits Taken 1 | . 1 . . Unknown Exits Taken 2 | 1 . 1 . Scrap Searched 1 | . . 1 . Spaces Dug . | . . . . Terrain Destroyed 6 | . 6 . . Melee . | . . . . Projectile . | . . . . AOE 6 | . 6 . . Terrain Rammed . | . . . . Walls Destroyed . | . . . . Machines Disabled . | . . . . Actions | -11 -10 -10 -10 --------- Run | Scr Mat Min Exi Total 1967 | 61 1229 409 268 Wait 105 | . 91 14 . Move 1712 | 48 1010 392 262 Hop . | . . . . Pick Up 29 | 8 16 1 4 Fast Attach 9 | 1 8 . . Attach 10 | 4 6 . . Detach . | . . . . Swap 10 | . 8 1 1 Drop 11 | . 9 1 1 Fire 81 | . 81 . . Melee . | . . . . Ram . | . . . . Kick . | . . . . Crush . | . . . . Escape Stasis . | . . . . Rewire . | . . . . Trap . | . . . . Miscellaneous . | . . . . Route ------- -11/Scrapyard -10/Materials (discovered 5 exits: [*Mat x3] / *Min x2) -10/Mines (discovered 3 exits: [*Mat x2] / *Exi) -10/Exiles History --------- Turn | Location | Event 2 | -11/Scrapyard | Met Revision 17 13 | -11/Scrapyard | Discovered new exit (range 15) 66 | -11/Scrapyard | Entered Materials 283 | -10/Materials | Discovered new exit (range 3) 305 | -10/Materials | Build established: Mutant 456 | -10/Materials | Discovered new exit (range 15) 516 | -10/Materials | Identified exit to Mines 901 | -10/Materials | Build established: Scavenger-Mutant 1031 | -10/Materials | Discovered new exit (range 13) 1251 | -10/Materials | Discovered new exit (range 10) 1484 | -10/Materials | Core integrity fell below 50% 1521 | -10/Materials | Build established: Mutant 1644 | -10/Materials | Repaired Sml. Laser 1713 | -10/Materials | Entered Mines 1774 | -10/Mines | Assisted by bots powering up and referring to "LRC-V3" 1828 | -10/Mines | Discovered new exit (range 6) 1840 | -10/Mines | Learned 2 Materials zone layouts 1840 | -10/Mines | Discovered new exit (range 9) 1874 | -10/Mines | Learned location of Storage (-7) 2309 | -10/Mines | Deemed a non-threat by the Exiles lab entrance 2310 | -10/Mines | Discovered new exit (range 5) 2318 | -10/Mines | Entered Exiles 2318 | -10/Exiles | Accompanied by 2 allies 2357 | -10/Exiles | Met 8R-AWN 2381 | -10/Exiles | Met EX-HEX 2423 | -10/Exiles | Met EX-BIN 2450 | -10/Exiles | Aligned with FarCom system 2452 | -10/Exiles | Given EX-Vault access code 2518 | -10/Exiles | Opened EX-Vault 2578 | -10/Exiles | Warned to stay clear of 0b10 Research branches 2579 | -10/Exiles | Exiles lab attacked by MAIN.C 2636 | -10/Exiles | Found Deploy-a-Sentry 2639 | -10/Exiles | Found Deploy-a-Sentry 2641 | -10/Exiles | Found Deploy-a-Sentry 2648 | -10/Exiles | Found 0b10 Alert Chip 2714 | -10/Exiles | Core integrity fell below 20% 2719 | -10/Exiles | DAS Turret deployed 2724 | -10/Exiles | Destroyed by H-55 Commando with Gauss Rifle Last Messages --------------- 02704_ Trooper 1b destroyed. 02704_ Penetrated by Slug. 02705_ Lgt. Assault Rifle destroyed. 02706_ Penetrated by Slug. 02706_ Sml. Laser destroyed. 02709_ Ion Engine destroyed. 02709_ Penetrated by Slug. 02710_ Slug penetrates Mercenary 1a. 02711_ G-34 Mercenary destroyed. 02711_ Mercenary 1a destroyed. 02712_ Penetrated by Slug. 02713_ Dropped Deploy-a-Sentry. 02713_ Penetrated by Slug. 02717_ Aluminum Leg destroyed. 02718_ Penetrated by Slug. 02719_ DAS Turret deployed. 02719_ H-55 Commando knocked back. 02720_ G-34 Mercenary destroyed. 02724_ Slug penetrates DAS Turret. 02724_ Penetrated by Slug. Map ----- +----------------------------------------------------+ | ????????????????????#""X" #??????????????? | | ????????????????????#" #??????????????? | | ????????????????????#" ## #??????????????? | | ????????????????????#""""""## #?#########????? | | ????????????????????##"###### #?#"""""""#????? | | ???????????????????? "?????# #?#"""""""#????? | | ???????????????????"""??????# #?#"""""""#????? | | ???????????????????"""?????## ###"" """"#????? | | ???????????????????????????#" """"#????? | | ???????????????????????????#" """#????? | | ???????????????????????????#" """#????? | | ???????????????????????????#" """#????? | | ???????????????????????????#" """#????? | | ???????????????????????????#" """##???? | | ???????????????????????????## =%% """""???? | | ????????????????????????????# = """##???? | | ????????????????????????????# "X" """""???? | | ????????????????????????????# """ # ???? | | ????????????????????????????# """""""""#????? | | ???????????????????????????## ###########????? | | ??????????????????????????## #??????????????? | | ?????????????????????######" #??????????????? | | ?????????????X# #"###"" """" ##?????????????? | | ???????????? """ " = = ##???########## | | ???????????? "" " t %*%! #####""""""""" | | ?????????? " " @ h " """ """ | | ???????? h "" " | | ????????? g " " | | ????????? " | | ????????? " | | ???????? | | ????????"" """""" | | ????????? ######""" | | ?????????t ""#?????#####""" | | ?????????? """#??????????##""" | | ?????????? """#????????????#"""" | | ?????????? ""?????????????#"" | | ??????????? ????????????????""" | | ??????????? ?????????????????? | | ???????????? ??????????????????? | | ????????????? ?????????????????? | | ????????????????????????????????? | | ?????????????????????????????????? " | | ??????????????????????????????????"" """ | | ????????????????????????????????????" " " ""#" | | ??????????????????????????????????????""" ""?##""" | | ????????????????????????????????????????""????#### | | ?????????????????????????????????????????????????? | | ?????????????????????????????????????????????????? | | ?????????????????????????????????????????????????? | +----------------------------------------------------+ Best States ------------- Heat Dissipation 25 Energy Generation 10 Energy Capacity 250 Matter Stores 300 Matter Capacity 300 Sight Range 16 Robot Scan Range 10 Terrain Scan Density 10 Evasion (%) 50 Item Schematics ----------------- None Robot Schematics ------------------ None Fabricated ------------ Nothing Alien Tech Used ----------------- None Achievements -------------- None Challenges ------------ None Game ------ Seed LaserTargetingSystem Manual? 0 Play Time 00:23:17 Cumulative 56.8 hours Start 2021.09.21 @ 10:32:48 End 2021.11.08 @ 11:32:17 Sessions 3 Manual Loads 0 Difficulty Rogue Special Mode None Game No. 22 Rogue 22 Adventurer 0 Explorer 0 Win Type - Total 0 Types 0/0/0/0/0/0/0/0/0 Lore% 36 Gallery% 47 Achievement% 34 Wizard Run 0 Options --------- ASCII 0 Keyboard 0 Movement Mouse Keybinds 0 Fullscreen 1 Font 36/Smallcaps Map View 76x50 Tactical HUD 1 Map Filters NONE Filters NONE Steam 1 RUN: e8b1ede3-63ef-46c1-808c-524101e2265c